 Dungeon Crawl Stone Soup version 0.22.1-5-g62c59d919a (webtiles) character file.

1355 Gargoyl the Skirmisher (level 8, -3/71 HPs)
             Began as a Centaur Abyssal Knight on Jan 9, 2019.
             Was a Priest of Lugonu.
             Slain by a wyvern zombie (10 damage)
             ... in an ossuary.
             The game lasted 00:08:45 (4556 turns).

Gargoyl the Skirmisher (Centaur Abyssal Knight)     Turns: 4556, Time: 00:08:45

Health: -3/71      AC:  9    Str: 16    XL:     8   Next: 37%
Magic:  11/11      EV:  7    Int: 18    God:    Lugonu [***...]
Gold:   369        SH:  0    Dex: 10    Spells: 7/7 levels left

rFire    + . .     SeeInvis +   f - +3 war axe (elec)
rCold    . . .     Gourm    .   (no shield)
rNeg     . . .     Faith    .   t - +0 scale mail {rF+}
rPois    .         Spirit   .   h - +1 helmet
rElec    .         Reflect  .   (no cloak)
rCorr    .         Harm     .   (no gloves)
MR       .....                  (no barding)
Stlth    ..........             (no amulet)
HPRegen  0.21/turn              (no ring)
MPRegen  0.12/turn              s - ring of see invisible

@: brilliant, flying, very quick
A: large, claws 1, hooves 3, clever 1, deformed body, speed 2, tough skin 3
a: Depart the Abyss, Bend Space, Banish, Renounce Religion


You were in an ossuary.
You worshipped Lugonu.
Lugonu was most pleased with you.
You were hungry.

You visited 1 branch of the dungeon, and saw 5 of its levels.
You visited the Abyss 1 time.
You also visited: Sewer and Ossuary.

You collected 405 gold pieces.
You spent 36 gold pieces at shops.

Inventory:

Hand Weapons
 a - a +1 hand axe
 f - a +3 war axe of electrocution (weapon)
Missiles
 b - 2 javelins (quivered)
Armour
 h - a +1 helmet (worn)
 t - a +0 scale mail of fire resistance (worn)
Jewellery
 s - a ring of see invisible (right claw)
Wands
 d - a wand of acid (7)
 l - a wand of polymorph (7)
Scrolls
 e - a scroll of immolation
 g - 5 scrolls of amnesia
 i - 3 scrolls of identify
 m - 6 scrolls of teleportation
 n - a scroll of blinking
 o - a scroll of magic mapping
 r - 3 scrolls of remove curse
Potions
 k - a potion of mutation
 p - 3 potions of flight
 q - a potion of brilliance
Comestibles
 c - 8 rations


   Skills:
 + Level 6.4 Fighting
 + Level 5.2 Axes
 * Level 3.6 Armour
 + Level 1.3 Dodging
 * Level 4.3 Invocations
 + Level 1.8 Evocations


You had 7 spell levels left.
You didn't know any spells.
Your spell library was empty.

Dungeon Overview and Level Annotations

Branches:
Dungeon (5/15)             Temple (0/1) D:5

Altars:
Makhleb
Sif Muna
Vehumet

Shops:
D:4 ?


Innate Abilities, Weirdness & Mutations

You have hooves in place of feet.
Armour fits poorly on your strangely shaped body.
You cover ground very quickly.
You have extremely tough skin. (AC +3)
You have sharp fingernails.
Your mind is acute. (Int +2)


Message History

Press: ? - help, Shift-Dir - straight line, f - wyvern zombie
Aim: a wyvern zombie (heavily damaged, chance to defeat MR: 90%)
You fail to use your ability.
The wyvern zombie bites you but does no damage. x2
Okay, then.
It was a potion of curing.
You feel better. The wyvern zombie bites you.
* * * LOW HITPOINT WARNING * * *
It was a potion of brilliance.
You feel clever all of a sudden. The wyvern zombie barely misses you.
You slash the wyvern zombie!
The wyvern zombie is severely damaged.
The wyvern zombie barely misses you.
A hound zombie comes into view.
The wyvern zombie barely misses you.
You slash the wyvern zombie!
The wyvern zombie is almost destroyed.
The wyvern zombie bites you but does no damage.
The wyvern zombie bites you!
You die...

## ≈ Z#
##+#≈
'≈≈
#≈#####
+.#@..#
#.ZZ∩.#
+.#..∩#
#.#####
'.'
##.#
'.# #.'
'.#


You could see a hound zombie and a wyvern zombie.

Vanquished Creatures
  A large abomination (Abyss:2)
  A raiju (Abyss:2)
  A centaur (D:4)
  A small abomination (Abyss:2)
  A wyvern zombie (Ossuary)
  2 howler monkeys (D:4)
  A crimson imp (D:3)
  A centaur zombie (Ossuary)
  A hound (D:4)
  2 orc priests (D:4)
  An orc wizard (D:4)
  5 worker ants
  A hound zombie (Ossuary)
  A mummy (Ossuary)
  Robin (D:2)
  4 gnolls (D:4)
  6 adders
  6 oozes
  9 worms
  4 dart slugs
  3 leopard geckos
  14 orcs
  4 ball pythons
  6 giant cockroaches
  15 goblins
  8 hobgoblins
  6 jackals
  5 kobolds
  A quokka (D:3)
  14 bats
  2 frilled lizards
  A leopard gecko zombie (Ossuary)
  8 rats
  A butterfly (D:5)
138 creatures vanquished.

Vanquished Creatures (others)
  An ogre (D:5)
  4 withered plants (Ossuary)
5 creatures vanquished.

Grand Total: 143 creatures vanquished

Notes
Turn   | Place    | Note
-------+----------+-------------------------------------------
     0 | Abyss:1  | Gargoyl the Centaur Abyssal Knight began the quest for the
                  | Orb.
     0 | Abyss:1  | Reached XP level 1. HP: 19/19 MP: 2/2
    56 | Abyss:2  | Noticed a small abomination
    66 | Abyss:2  | Killed a small abomination
    66 | Abyss:2  | Reached skill level 4 in Fighting
    66 | Abyss:2  | Reached XP level 2. HP: 28/28 MP: 3/3
    67 | Abyss:2  | Reached XP level 3. HP: 34/34 MP: 4/4
    67 | Abyss:2  | Reached XP level 4. HP: 41/41 MP: 5/5
   107 | Abyss:2  | Noticed a large abomination
   113 | Abyss:2  | Killed a large abomination
   113 | Abyss:2  | Reached skill level 5 in Fighting
   113 | Abyss:2  | Reached skill level 1 in Evocations
   113 | Abyss:2  | Reached XP level 5. HP: 48/48 MP: 5/7
   114 | Abyss:2  | Reached XP level 6. HP: 56/56 MP: 5/8
   125 | Abyss:2  | Noticed a raiju
   128 | Abyss:2  | Killed a raiju
   128 | Abyss:2  | Reached skill level 6 in Fighting
   129 | Abyss:2  | Noticed a smoke demon
   132 | D:1      | Escaped the Abyss
   316 | D:1      | Reached * piety under Lugonu
   838 | D:2      | Gained mutation: Your mind is acute. (Int +2) [potion of
                  | mutation]
   838 | D:2      | Gained mutation: You have sharp fingernails. [potion of
                  | mutation]
   983 | D:2      | Reached XP level 7. HP: 61/63 MP: 9/9
  1101 | D:2      | Noticed Robin
  1109 | D:2      | Killed Robin
  1393 | D:2      | Reached ** piety under Lugonu
  1728 | D:3      | Found a glowing drain.
  1746 | Sewer    | Entered a sewer
  2333 | Sewer    | Reached skill level 1 in Dodging
  2660 | D:3      | Found a radiant altar of Vehumet.
  2661 | D:3      | Found a burning altar of Makhleb.
  2893 | D:4      | Reached *** piety under Lugonu
  2973 | D:4      | Found Joigamem's Magic Scroll Shop.
  2981 | D:4      | Bought a scroll of remove curse for 36 gold pieces
  3478 | D:4      | Reached XP level 8. HP: 66/70 MP: 11/11
  3772 | D:4      | Found a deep blue altar of Sif Muna.
  4209 | D:5      | Entered Level 5 of the Dungeon
  4240 | D:5      | Found a staircase to the Ecumenical Temple.
  4290 | D:5      | Reached skill level 5 in Axes
  4299 | D:5      | Found a sand-covered staircase.
  4304 | Ossuary  | Entered an ossuary
  4556 | Ossuary  | Slain by a wyvern zombie

Skill      XL: |  1  2  3  4  5  6  7  8 |
---------------+-------------------------+-----
Fighting       | 4 5 6 |  6.4
Axes           | 2 3 4 5 |  5.2
Armour         | 2 3 |  3.6
Evocations     | 1 |  1.8
Invocations    | 3 4 |  4.3
Dodging        | 1 |  1.3

Action                   |  1- 3 |  4- 6 |  7- 9 || total
-------------------------+-------+-------+-------++-------
Melee: War axe           |       |    45 |   189 ||   234
       Kick              |       |     8 |    28 ||    36
       Unarmed           |       |       |     5 ||     5
Invok: Depart the Abyss  |       |     1 |       ||     1
       Bend Space        |       |       |     2 ||     2
       Banish            |       |       |     1 ||     1
Evoke: Wand              |     3 |     7 |       ||    10
  Use: Scroll            |       |     4 |     6 ||    10
       Potion            |       |     1 |     3 ||     4
  Eat: Chunk             |       |       |     9 ||     9
Armor: Leather armour    |       |    17 |     7 ||    24
       Scale mail        |       |       |   174 ||   174
       Skin              |       |       |     9 ||     9
Dodge: Dodged            |       |    28 |   110 ||   138
